 Dungeon Crawl Stone Soup version 0.28-a0-1365-g7e0445c96d (webtiles) character file.

Game seed: 7442025281459014378

19036 Conn the Arsonist (level 12, -2/108 HPs)
             Began as an Octopode Fire Elementalist on Dec 31, 2021.
             Was an Initiate of Sif Muna.
             Engulfed by a cloud of flame (11 damage)
             ... on level 13 of the Dungeon.
             The game lasted 00:44:25 (14568 turns).

Conn the Arsonist (Octopode Fire Elementalist)     Turns: 14568, Time: 00:44:26

Health: -2/108     AC: 26    Str: 13    XL:     12   Next: 64%
Magic:  21/25      EV:  2    Int: 22    God:    Sif Muna [......]
Gold:   717        SH:  0    Dex: 25    Spells: 7/29 levels left

rFire   + . .      SeeInvis .   t - +7 dagger (elec)
rCold   + . .      Faith    .   (no shield)
rNeg    + . .      Spirit   .   (helmet currently unavailable)
rPois   +          Reflect  .   B - amulet of Ixkih {Acrobat Drain Regen+ Dex+6}
rElec   +          Harm     .   o - +4 ring of evasion
rCorr   +          Rampage  .   w - ring of resist corrosion
Will    +....      NoTele   +   C - +6 ring of dexterity
Stlth   ++........              G - +6 ring of strength
HPRegen 1.08/turn               H - ring of positive energy
MPRegen 0.19/turn               c - ring of willpower
                                (no ring)
                                (no ring)

@: confused, tree-form, resistant, ambrosia-drunk
A: stationary, stasis, torment immunity, boosted hp, almost no armour,
(amphibious), 8 rings, (camouflage 1), (gelatinous body 1), (nimble swimmer 1),
(tentacles)
a: Renounce Religion


You were on level 13 of the Dungeon.
You worshipped Sif Muna.
Sif Muna was noncommittal.
You were a tree.
You visited 2 branches of the dungeon, and saw 14 of its levels.

You collected 717 gold pieces.

Inventory:

Hand Weapons
 t - a +7 dagger of electrocution (weapon)
Missiles
 s - a boomerang of dispersal
 y - 5 throwing nets
 D - 12 atropa-tipped darts
 I - 3 curare-tipped darts
Armour
 M - a +2 hat of willpower (melded)
Jewellery
 a - a ring of ice
 c - a ring of willpower (on tentacle)
 o - a +4 ring of evasion (left branch)
 w - a ring of resist corrosion (right branch)
 B - the amulet of Ixkih (around neck) {Acrobat Drain Regen+ Dex+6}
   (You found it on level 6 of the Dungeon)

   [amulet of the acrobat]

   It increases your evasion while moving and waiting.
   Dex:       It affects your dexterity (+6).
   Regen:     It increases your rate of health regeneration.
   Drain:     It drains your maximum health when unequipped.
 C - a +6 ring of dexterity (on tentacle)
 G - a +6 ring of strength (on tentacle)
 H - a ring of positive energy (on tentacle)
Wands
 x - a wand of paralysis (9)
 z - a wand of acid (17)
 L - a wand of flame (17)
 N - a wand of mindburst (14)
Scrolls
 b - 2 scrolls of identify
 m - a scroll of torment
 p - 4 scrolls of fog
 F - 2 scrolls of magic mapping
Potions
 e - 2 potions of haste
 f - a potion of lignification
 i - 2 potions of might
 k - 2 potions of mutation
 u - 2 potions of flight
 E - a potion of brilliance
 J - 2 potions of curing


   Skills:
 + Level 3.1 Fighting
 + Level 3.7 Short Blades
 + Level 0.2 Staves
 + Level 4.6 Dodging
 + Level 5.9 Stealth
 + Level 9.0 Spellcasting
 + Level 7.6 Conjurations
 + Level 3.1 Hexes
 * Level 5.0 Summonings
 + Level 11.6 Fire Magic
 + Level 5.0 Ice Magic
 * Level 4.8 Air Magic
 + Level 1.3 Evocations


You had 7 spell levels left.
You knew the following spells:

 Your Spells              Type           Power      Damage    Failure   Level
a - Foxfire               Conj/Fire      100%       2x1d9     1%          1
b - Conjure Flame         Conj/Fire      51%        6-21      1%          3
c - Inner Flame           Hex/Fire       42%        N/A       1%          3
d - Flame Wave            Conj/Fire      51%        2d9       1%          4
e - Scorch                Fire           100%       2d10      1%          2
f - Summon Ice Beast      Ice/Summ       32%        N/A       9%          4
g - Lightning Bolt        Conj/Air       18%        1d33      14%         5

Your spell library contained the following spells:

 Spells                   Type           Power      Damage    Failure   Level
 Ensorcelled Hibernation  Hex/Ice        56%        N/A       1%          2
 Static Discharge         Conj/Air       37%        N/A       1%          2
 Tukima's Dance           Hex            23%        N/A       5%          3
 Freezing Cloud           Conj/Ice/Air   17%        6-21      17%         5
 Irradiate                Conj/Tmut      13%        3d17      36%         5
 Blade Hands              Tmut           4%         N/A       88%         5
 Simulacrum               Ice/Necr       10%        N/A       98%         6
 Dragon Form              Tmut           4%         N/A       100%        7
 Enfeeble                 Hex            11%        N/A       100%        7
 Malign Gateway           Summ/Tloc      10%        N/A       100%        7
 Monstrous Menagerie      Summ           16%        N/A       100%        7
 Maxwell's Capacitive Co  Air            15%        ∞         100%        8
 Polar Vortex             Ice            16%        N/A       100%        9


Dungeon Overview and Level Annotations

Branches:
Dungeon (13/15)            Temple (1/1) D:7            Lair (0/6) D:8
    Orc (0/2) D:10
 Vaults: D:13-14

Altars:
Ashenzari
Cheibriados
Dithmenos
Elyvilon
Fedhas
Gozag
Hepliaklqana
Kikubaaqudgha
Makhleb
Nemelex Xobeh
Okawaru
Qazlal
Ru
Sif Muna
Trog
Uskayaw
Vehumet
Wu Jian
Xom
Yredelemnul
Zin
The Shining One

Shops:
D:1 *   D:4 [   D:5 [[(*   D:8 !   D:10 (   D:11 *


Innate Abilities, Weirdness & Mutations

You are a tree.
Your roots penetrate the ground, keeping you stationary.
You cannot be teleported.
You are immune to unholy pain and torment.
Your maximum health is greatly increased.
You cannot wear most types of armour.
((You are amphibious.))
You can wear up to eight rings at the same time.
((Your skin changes colour to match your surroundings (Stealth+).))
((Your rubbery body absorbs attacks. (AC +1, EV +1)))
((You are camouflaged when in or above water. (Stealth+)))
((You have tentacles for arms and can constrict up to eight enemies at once.))


Message History

The boulder beetle is heavily wounded.
Your ice beast hits the boulder beetle.
Flame seeps out of the boulder beetle.
Your ice beast freezes the boulder beetle!
Flame seeps out of the boulder beetle.
The helpless boulder beetle fails to defend itself.
You impale the boulder beetle!!
Lightning courses through the boulder beetle!
Sif Muna accepts your kill.
The boulder beetle explodes!
The fiery explosion engulfs you!!
* * * LOW HITPOINT WARNING * * *
The fiery explosion engulfs your ice beast!!!
Your ice beast melts!
You kill your ice beast!
Your ice beast disappears in a puff of smoke!
You are engulfed in blazing flames.
* * * LOW HITPOINT WARNING * * *
Your Summonings skill increases to level 5!
Okay, then.
Unknown command.
Unknown command.
Unknown command.
Okay, then.
Unknown command.
Okay, then.
Unknown command.
Unknown command.
Okay, then.
Unknown command.
Unknown command.
Unknown command.
Unknown command.
You feel protected.
You are engulfed in blazing flames.
You resist.
* * * LOW HITPOINT WARNING * * *
You feel better.
You are engulfed in blazing flames.
You resist.
* * * LOW HITPOINT WARNING * * *
You are confused.
You feel invigorated.
You are engulfed in blazing flames.
You resist.
You die...

#..... #.....
#####...# .......#
#####.....####
###+##...#........#
+.......<#...§§§..#
#........'.....♣..#
#........'...§§§..#
#........#....#####
#....#####....#
#.... ........#
#### #........#
.........#
..........
..........)


There were no monsters in sight!

Vanquished Creatures
  Gastronok (D:8)
  Fannar (D:10)
  A boulder beetle (D:13)
  Erica (D:9)
  Harold (D:8)
  4 two-headed ogres
  Sonja (D:10)
  A manticore (D:11)
  A cyclops (D:11)
  Maurice (D:8)
  The ghost of Mandevil the Firebug, a novice DgFE (D:4)
  2 unseen horrors
  A komodo dragon (D:11)
  3 freezing wraiths (D:12)
  3 trolls
  A hornet (D:10)
  4 slime creatures (D:12)
  Sigmund (D:5)
  A vampire (D:10)
  3 wyverns
  17 yaks
  3 vampire mosquitoes (D:10)
  A warg (D:10)
  An acid dragon (D:11)
  A water moccasin (D:8)
  An ice beast (D:7)
  A black bear (D:6)
  6 orc warriors
  3 ogres
  A necrophage (D:6)
  5 centaurs
  A kobold brigand (D:8)
  2 bullfrogs (D:8)
  2 scorpions
  A wyvern zombie (D:4)
  2 water moccasin skeletons (D:6)
  7 wights
  A howler monkey (D:10)
  4 bullfrog zombies
  4 centaur zombies
  A human zombie (D:5)
  4 hounds
  Crazy Yiuf (D:2)
  2 gnoll shamans
  7 orc priests
  A bullfrog skeleton (D:4)
  An iguana (D:6)
  2 jellies
  Jessica (D:3)
  Ijyb (D:4)
  11 orc wizards
  6 scorpion zombies (D:5)
  A killer bee zombie (D:8)
  A hound zombie (D:5)
  A hound skeleton (D:5)
  2 mummies (D:5)
  5 adders
  15 gnolls
  A shadow imp (D:8)
  2 white imps
  An ufetubus (D:5)
  An adder skeleton (D:4)
  4 worms
  4 dart slugs (D:2)
  46 orcs
  4 endoplasms
  3 giant cockroaches
  9 goblins
  9 hobgoblins
  5 quokkas
  19 ball pythons
  7 bats
  7 frilled lizards
  14 kobolds
  4 rats (D:1)
300 creatures vanquished.

Vanquished Creatures (collateral kills)
  A troll (D:11)
  A foxfire (D:1)
2 creatures vanquished.

Vanquished Creatures (others)
  1095 foxfires
  A plant (D:1)
1096 creatures vanquished.

Grand Total: 1398 creatures vanquished

Notes
Turn   | Place    | Note
-------+----------+-------------------------------------------
     0 | D:1      | Conn the Octopode Fire Elementalist began the quest for the
                  | Orb.
     0 | D:1      | Reached XP level 1. HP: 11/11 MP: 3/3
    17 | D:1      | Found Koxziok's Assorted Antiques.
   197 | D:1      | Reached XP level 2. HP: 17/17 MP: 3/5
   719 | D:1      | Reached XP level 3. HP: 16/21 MP: 6/6
  1483 | D:2      | Found a shimmering altar of Xom.
  1634 | D:2      | Reached XP level 4. HP: 27/27 MP: 1/7
  1748 | D:2      | Reached skill level 4 in Fire Magic
  2413 | D:2      | Found a runed translucent door.
  2414 | D:2      | Noticed Crazy Yiuf
  2429 | D:2      | Learned a level 3 spell: Conjure Flame
  2433 | D:2      | Learned a level 3 spell: Inner Flame
  2481 | D:3      | Found a faded altar of an unknown god.
  2636 | D:2      | Killed Crazy Yiuf
  2637 | D:2      | Reached XP level 5. HP: 31/31 MP: 1/9
  3328 | D:3      | Noticed Jessica
  3340 | D:3      | Killed Jessica
  3799 | D:3      | Reached XP level 6. HP: 27/37 MP: 3/10
  4004 | D:4      | Reached skill level 1 in Fighting
  4022 | D:4      | Got Sif Muna's Reference Book on the Entourage
  4210 | D:4      | Noticed Ijyb
  4221 | D:4      | Killed Ijyb
  4222 | D:4      | Reached skill level 1 in Short Blades
  4350 | D:4      | Found a blossoming altar of Fedhas.
  4718 | D:4      | Found a runed translucent gate.
  4718 | D:4      | Found a runed translucent gate.
  4719 | D:4      | Found a runed translucent gate.
  4720 | D:4      | Noticed Mandevil's ghost (novice DgFE)
  4795 | D:4      | Killed Mandevil's ghost
  4796 | D:4      | Reached skill level 5 in Fire Magic
  4796 | D:4      | Reached XP level 7. HP: 21/43 MP: 2/13
  4994 | D:4      | Found Defigrau's Antique Armour Emporium.
  5115 | D:5      | Entered Level 5 of the Dungeon
  5146 | D:5      | Found Teli's Antique Armour Shoppe.
  5205 | D:5      | Found Upies's Antique Armour Shop.
  5210 | D:5      | Noticed Sigmund
  5219 | D:5      | Killed Sigmund
  5220 | D:5      | Reached XP level 8. HP: 41/48 MP: 6/14
  5618 | D:5      | Reached skill level 6 in Fire Magic
  5699 | D:5      | Reached skill level 5 in Spellcasting
  5766 | D:5      | Reached skill level 1 in Hexes
  6058 | D:5      | Learned a level 4 spell: Flame Wave
  6061 | D:5      | Learned a level 2 spell: Scorch
  6066 | D:5      | Learned a level 4 spell: Summon Ice Beast
  6078 | D:5      | Found Utiavuxtaco's Antique Weapon Shop.
  6383 | D:5      | Found Tigraemi's General Store.
  6608 | D:5      | Found an ancient bone altar of Kikubaaqudgha.
  6811 | D:5      | Reached XP level 9. HP: 54/54 MP: 17/17
  6892 | D:5      | Reached skill level 1 in Ice Magic
  6947 | D:5      | Reached skill level 7 in Fire Magic
  7827 | D:6      | Identified the amulet of Ixkih {Acrobat Drain Regen+ Dex+6}
  7942 | D:6      | Reached skill level 5 in Stealth
  8470 | D:7      | Reached skill level 5 in Conjurations
  8470 | D:7      | Reached skill level 8 in Fire Magic
  8870 | D:7      | Found a staircase to the Ecumenical Temple.
  8886 | Temple   | Entered the Ecumenical Temple
  9185 | D:7      | Reached XP level 10. HP: 61/61 MP: 19/19
  9658 | D:8      | Found a staircase to the Lair.
  9778 | D:8      | Found a sparkling altar of Nemelex Xobeh.
  9781 | D:8      | Found a glowing silver altar of Zin.
  9785 | D:8      | Found a basalt altar of Yredelemnul.
  9843 | D:8      | Reached skill level 9 in Fire Magic
 10167 | D:8      | Noticed Maurice
 10174 | D:8      | Killed Maurice
 10249 | D:8      | Found Zyppubb's Distillery.
 10252 | D:8      | Noticed Gastronok
 10270 | D:8      | Killed Gastronok
 10289 | D:8      | Noticed Harold
 10301 | D:8      | Killed Harold
 10302 | D:8      | Reached skill level 10 in Fire Magic
 10302 | D:8      | Reached XP level 11. HP: 60/66 MP: 1/21
 10668 | D:9      | Noticed a two-headed ogre
 10685 | D:9      | Killed a two-headed ogre
 10686 | D:9      | Reached skill level 5 in Ice Magic
 10831 | D:8      | Learned a level 5 spell: Lightning Bolt
 10892 | D:9      | You fall into a shaft and drop 3 floors!
 10934 | D:12     | Reached skill level 1 in Air Magic
 10971 | D:12     | Reached skill level 1 in Summonings
 10990 | D:12     | Reached skill level 1 in Evocations
 11155 | D:11     | Noticed a two-headed ogre
 11181 | D:11     | Killed a two-headed ogre
 11399 | D:11     | Noticed a cyclops
 11413 | D:11     | Killed a cyclops
 11419 | D:11     | Noticed a two-headed ogre
 11425 | D:11     | Killed a two-headed ogre
 11426 | D:11     | Reached skill level 11 in Fire Magic
 11701 | D:11     | Found Ruffuinn's General Store.
 11713 | D:10     | Entered Level 10 of the Dungeon
 11767 | D:9      | Found a shimmering altar of Xom.
 11845 | D:9      | Found an iron altar of Okawaru.
 11911 | D:9      | Noticed a two-headed ogre
 11918 | D:9      | Found a hazy altar of Hepliaklqana.
 11944 | D:9      | Killed a two-headed ogre
 11945 | D:9      | Reached XP level 12. HP: 72/72 MP: 15/24
 12274 | D:9      | Noticed Erica
 12289 | D:9      | Killed Erica
 12390 | D:10     | Noticed Fannar
 12577 | D:10     | Noticed Sonja
 12582 | D:10     | Killed Sonja
 12933 | D:10     | Killed Fannar
 12966 | D:10     | Found a staircase to the Orcish Mines.
 13508 | D:10     | Found a shimmering blue altar of Sif Muna.
 13514 | D:10     | Found Muliysoe's Antique Weapon Shop.
 13518 | D:10     | Became a worshipper of Sif Muna the Loreminder
 14417 | D:12     | Noticed a death knight
 14550 | D:13     | Noticed a boulder beetle
 14565 | D:13     | Killed a boulder beetle
 14565 | D:13     | HP: 5/108 [cloud of flame (11)]
 14566 | D:13     | Reached skill level 5 in Summonings
 14568 | D:13     | Engulfed by a cloud of flame

Illustrated notes

Levels and vault maps discovered:
D:1:      eino_arrival_water_cross, layout_rooms, serial_shops,
          nicolae_square_shop, serial_park_tiny_1
D:2:      minmay_spotlight, layout_basic, basic_altar, uniq_crazy_yiuf_cottage
D:3:      layout_basic, serial_corexii_hall, corexii_hall_statues_x,
          chequers_hall_statues_wall_a, nicolae_ecumenical_pavilion,
          lemuel_old_faithful, uniq_jessica
D:4:      layout_loops_ring, mainiacjoe_overflow_concentric_impassable,
          serial_shops, shop, gammafunk_ghost_necromancy, uniq_ijyb
D:5:      layout_loops_ring, lemuel_mausoleum_altar_kikubaaqudgha,
          cheibrodos_sewer_entry_bend, serial_shops, shop,
          kennysheep_little_box, shop, nicolae_shop_hallway_plus,
          hangedman_abyss_or_decor_stabs, uniq_sigmund
D:6:      layout_gridville
D:7:      layout_rooms, minmay_temple_entry_overgrown
D:8:      layout_rooms, grunt_temple_overflow_diamond, lair_entry_dummy,
          serial_shops, shop, grunt_ministairs_12, uniq_gastronok, uniq_harold,
          uniq_maurice
D:9:      layout_basic, general_overflow_altar, xom_teletrap_fun,
          okawaru_altar_gauntlet_db, uniq_erica
D:10:     layout_grid_maze, mainiacjoe_overflow_alcove_4, erik_orc_4,
          grunt_ministairs_9, grunt_decor_mini_mirrors,
          minmay_misc_feat_pillars, minmay_shop_grid_forest, uniq_sonja,
          uniq_fannar
D:11:     layout_irregular_city, serial_shops, shop, serial_column_ruins,
          column_ruins_square_small, column_ruins_columns_straight,
          column_ruins_open_tiny, column_ruins_corridor_dead_end,
          column_ruins_columns_straight, nicolae_elevator_lobby_asterisk
D:12:     layout_basic
D:13:     layout_irregular_city, serial_shops, nicolae_shop_behind_doors,
          enter_trove_5, minmay_misc_feat_alley, uniq_josephine, uniq_rupert
Temple:   oiseaux_autumnal_temple

Skill      XL: |  1  2  3  4  5  6  7  8  9 10 11 12 |
---------------+-------------------------------------+-----
Stealth        | 3 4 5 |  5.9
Fire Magic     | 4 5 6 8 10 11 | 11.6
Conjurations   | 2 3 4 5 6 7 |  7.6
Spellcasting   | 3 4 5 6 7 8 9 |  9.0
Fighting       | 1 2 3 |  3.1
Short Blades   | 1 2 3 |  3.7
Dodging        | 3 4 |  4.6
Hexes          | 1 2 3 |  3.1
Ice Magic      | 3 4 5 |  5.0
Air Magic      | 3 4 |  4.8
Summonings     | 3 5 |  5.0
Evocations     | 1 |  1.3
Staves         | |  0.2

Action                   |  1- 3 |  4- 6 |  7- 9 | 10-12 || total
-------------------------+-------+-------+-------+-------++-------
Melee: Unarmed           |    25 |       |       |       ||    25
       Constrict         |     8 |    10 |    19 |     5 ||    42
       Tentacles         |     7 |     7 |    13 |    26 ||    53
       Short sword       |     1 |     9 |       |       ||    10
       Dagger            |       |    18 |    72 |    79 ||   169
       Quarterstaff      |       |     1 |       |       ||     1
 Cast: Foxfire           |    61 |   130 |   168 |   285 ||   644
       Inner Flame       |       |     8 |     9 |    33 ||    50
       Conjure Flame     |       |     2 |       |     8 ||    10
       Scorch            |       |       |    13 |    11 ||    24
       Flame Wave        |       |       |     1 |    10 ||    11
       Summon Ice Beast  |       |       |       |     3 ||     3
Evoke: Wand              |       |       |     2 |     8 ||    10
  Use: Scroll            |       |     1 |     1 |    23 ||    25
       Potion            |       |       |     1 |    12 ||    13
 Stab: Sleeping          |     2 |     4 |    10 |     3 ||    19
       Paralysed         |       |       |     1 |     2 ||     3
       Distracted        |       |       |       |     1 ||     1
Armor: Skin              |     3 |     5 |     3 |     2 ||    13
Dodge: Dodged            |    41 |    55 |    83 |   114 ||   293

Table legend: (Time is in decaauts)
 A = Elapsed time spent in this place.
 B = Non-inter-level travel time spent in this place.
 C = Inter-level travel time spent in this place.
 D = Time resting spent in this place.
 E = Time spent auto-exploring this place.
 F = Levels seen in this place.
 G = Mean time per level.
                   A        B        C        D        E       F      G
               +--------+--------+--------+--------+--------+-----+--------+
         Total |  14560 |  14315 |    245 |    158 |  10458 |  14 | 1040.0 |
       Dungeon |  14309 |  14092 |    217 |    158 |  10275 |  13 | 1100.7 |
        Temple |    250 |    222 |     28 |      0 |    183 |   1 |  250.0 |
               +--------+--------+--------+--------+--------+-----+--------+

Top non-repeatable levels by time:
     D:5: 2051 daAuts
     D:2: 1444 daAuts
    D:10: 1385 daAuts
     D:8: 1320 daAuts
     D:1: 1275 daAuts
     D:6: 1223 daAuts
     D:4: 1211 daAuts
     D:3: 1184 daAuts
    D:11: 1056 daAuts
     D:9: 857 daAuts
     D:7: 847 daAuts
    D:12: 336 daAuts
  Temple: 250 daAuts
    D:13: 116 daAuts
